 Dungeon Crawl Stone Soup version 0.31-a0-161-gb58dd9be76 (webtiles) character file.

Game seed: 12954874615622381590

88 qw the Chopper (level 4, -4/28 HPs)
             Began as a Gargoyle Fighter on June 12, 2023.
             Splashed by a jelly's acid (9 damage)
             ... on level 4 of the Dungeon.
             The game lasted 00:01:03 (2252 turns).

qw the Chopper (Gargoyle Fighter)                   Turns: 2252, Time: 00:01:03

Health: -4/28      AC:  3    Str: 21 (22) XL:     4   Next: 54%
Magic:  4/4        EV:  9    Int:  5 (8)  God:
Gold:   145        SH:  6    Dex:  8 (9)  Spells: 3/3 levels left

rFire   . . .        Y - +0 war axe
rCold   . . .        k - +2 buckler
rNeg    + . .        b - +0 scale mail
rPois   inf          (helmet restricted)
rElec   +            (no cloak)
rCorr   .            (no gloves)
SInv    .            i - +0 pair of boots
Will    .....        (no amulet) Stlth
                     (no ring)
HPRegen 0.24/turn    (no ring)
MPRegen 0.09/turn

%: no passive effects
@: about to teleport, corroded
A: sickness immunity, AC +3, negative energy resistance 1, electricity
resistance, torment resistance 1, petrification resistance, horns 1, MP-powered
wands
a: no special abilities


You were on level 4 of the Dungeon.
You visited 1 branch of the dungeon, and saw 4 of its levels.

You collected 145 gold pieces.


Innate Abilities, Weirdness & Mutations

You are immune to sickness and miasma.
Your stone body is resilient. (AC +3)
You are immune to poison.
You resist negative energy. (rN+)
You are resistant to electric shocks. (rElec)
You are resistant to unholy torment.
You are immune to petrification.
You have a pair of small horns on your head.
You expend magic power (3 MP) to strengthen your wands.


   Skills:
 - Level 3.2 Fighting
 + Level 4.2 Axes
 - Level 3.2 Armour
 - Level 3.2 Shields


You had 3 spell levels left.
You didn't know any spells.
Your spell library was empty.

Inventory:

Hand Weapons
 c - a +0 flail
 Y - a +0 war axe (weapon)
Armour
 b - a +0 scale mail (worn)
 i - a +0 pair of boots (worn)
 k - a +2 buckler (worn)
Scrolls
 e - a scroll of blinking {unknown}
 j - a scroll of identify
Potions
 d - a potion of might
 f - a potion of curing
 g - a potion of haste {unknown}
 h - a potion of brilliance {unknown}

Dungeon Overview and Level Annotations

Branches:
Dungeon (4/15)
 Temple: D:4-7

Altars:
Wu Jian


Message History

You hit the adder.
You kill the adder!
You hit the kobold.
The kobold is moderately wounded.
The kobold hits you but does no damage. x2; The jelly barely misses you.
You closely miss the kobold. Your headbutt misses the kobold.
The kobold is moderately wounded.
You hit the jelly.
Your hands burn!
You block the jelly's attack. The kobold hits you but does no damage.
You barely miss the kobold. Your headbutt misses the kobold.
The kobold is moderately wounded.
You slash the jelly! The acid corrodes you!
Your hands burn!
The jelly hits you but does no damage. The kobold closely misses you.
The jelly hits you. The acid corrodes you!
You are splashed with acid!
The kobold hits you with a +0 dagger.
You hit the jelly but do no damage.
Your hands burn!
The jelly is severely wounded.
You closely miss the kobold. The jelly closely misses you.
The kobold misses you.
You hit the jelly. The acid corrodes you!
Your hands burn!
The jelly is severely wounded.
You slash the kobold!
You kill the kobold!
The jelly hits you but does no damage.
2249 ||| READING scroll of teleportation.
As you read the scroll of teleportation, it crumbles to dust.
You feel strangely unstable. The jelly closely misses you.
2250 ||| DRINKING potion of heal wounds.
You feel much better. The jelly barely misses you.
You hit the jelly but do no damage.
Your hands burn!
You headbutt the jelly, but do no damage.
The jelly is severely wounded.
The jelly hits you but does no damage. The jelly hits you.
You are splashed with acid!
You hit the jelly.
Your hands burn!
The jelly is almost dead.
The jelly hits you.
You are splashed with acid!
You die...

#.#........##..
#.#...##.......
#.....##.###...
##..##....# #... ##
####.>.##..### #... ..
..)......#####.... #.
##..###..........
#####.##........#####.##
......)@...##...>.....
......J....#....#####
..$..........##.#
####.......### ##
#.......# #.......#
#########


You could see a jelly.

Vanquished Creatures
  3 adders
  2 dart slugs (D:1)
  4 orcs (D:3)
  8 ball pythons
  3 endoplasms
  A giant cockroach (D:4)
  3 goblins
  5 hobgoblins
  3 quokkas (D:1)
  3 bats
  5 frilled lizards
  8 kobolds
  5 rats
53 creatures vanquished.

Notes
Turn   | Place    | Note
-------+----------+-------------------------------------------
     0 | D:1      | qw the Gargoyle Fighter began the quest for the Orb.
     0 | D:1      | Reached XP level 1. HP: 14/14 MP: 1/1
     0 | D:1      | 0 ||| qw: Version: 0.2-a-29-gc1b59c4
     0 | D:1      | 0 ||| qw: Game counter: 4273
     0 | D:1      | 0 ||| qw: Always use a shield: true
     0 | D:1      | 0 ||| qw: God list: Okawaru
     0 | D:1      | 0 ||| qw: Allow faded altars: false
     0 | D:1      | 0 ||| qw: Do Orc after D:15 true
     0 | D:1      | 0 ||| qw: Do second Lair branch before Depths: true
     0 | D:1      | 0 ||| qw: Lair rune preference: random
     0 | D:1      | 0 ||| qw: Plans: Normal, Zot:1-4, Slime:5, God:TSO, Crypt,
                  | Tomb, Abyss, Pan, Hells, Win
     0 | D:1      | 0 ||| PLANNING D:1-11
    48 | D:1      | Reached skill level 2 in Axes
    72 | D:1      | 72 ||| Stepping ~*~*~tactically~*~*~ (stealth).
   107 | D:1      | Reached XP level 2. HP: 19/19 MP: 2/2
   129 | D:1      | 129 ||| Stepping ~*~*~tactically~*~*~ (hiding).
   130 | D:1      | 130 ||| Stepping ~*~*~tactically~*~*~ (hiding).
   159 | D:1      | 159 ||| Stepping ~*~*~tactically~*~*~ (stealth).
   160 | D:1      | 160 ||| Stepping ~*~*~tactically~*~*~ (stealth).
   161 | D:1      | 161 ||| Stepping ~*~*~tactically~*~*~ (stealth).
   285 | D:1      | 285 ||| Stepping ~*~*~tactically~*~*~ (hiding).
   290 | D:1      | 290 ||| FLEEEEING.
   381 | D:1      | Reached skill level 3 in Axes
   481 | D:1      | 481 ||| READING scroll labelled QUESYS ZOENAE.
   482 | D:1      | 482 ||| READING scroll labelled NUR QOKAIDOT.
   483 | D:1      | 483 ||| READING 2 scrolls labelled UCA OGHEESSO.
   558 | D:2      | 558 ||| DROPPING +0 whip.
   582 | D:2      | Reached XP level 3. HP: 23/23 MP: 3/3
   716 | D:2      | 716 ||| Stepping ~*~*~tactically~*~*~ (stealth).
   826 | D:2      | 826 ||| Stepping ~*~*~tactically~*~*~ (stealth).
   920 | D:2      | 920 ||| Stepping ~*~*~tactically~*~*~ (stealth).
  1129 | D:2      | 1129 ||| UPGRADING to +0 pair of boots.
  1134 | D:2      | 1134 ||| UPGRADING to +2 buckler.
  1144 | D:2      | 1144 ||| DROPPING +0 buckler.
  1145 | D:2      | 1145 ||| READING scroll labelled BETAANN ITAC.
  1149 | D:2      | 1149 ||| DRINKING 2 fizzy emerald potions.
  1150 | D:2      | 1150 ||| DRINKING 2 inky potions.
  1150 | D:2      | Gained mutation: You occasionally lose the ability to drink
                  | potions when taking damage. [potion of mutation]
  1150 | D:2      | Gained mutation: Your flesh is cold resistant. (rC+)
                  | [potion of mutation]
  1151 | D:2      | 1151 ||| DRINKING potion of mutation.
  1151 | D:2      | Lost mutation: Your flesh is cold resistant. (rC+) [potion
                  | of mutation]
  1151 | D:2      | Lost mutation: You occasionally lose the ability to drink
                  | potions when taking damage. [potion of mutation]
  1151 | D:2      | Gained mutation: You have a pair of small horns on your
                  | head. [potion of mutation]
  1151 | D:2      | Gained mutation: You expend magic power (3 MP) to
                  | strengthen your wands. [potion of mutation]
  1152 | D:2      | 1152 ||| READING 2 scrolls of identify.
  1152 | D:2      | 1152 ||| IDENTIFYING coppery potion
  1185 | D:3      | Found an ornate altar of the Wu Jian Council.
  1301 | D:3      | 1301 ||| Stepping ~*~*~tactically~*~*~ (stealth).
  1302 | D:3      | 1302 ||| DROPPING +0 mace.
  1305 | D:3      | 1305 ||| Stepping ~*~*~tactically~*~*~ (stealth).
  1311 | D:3      | Reached XP level 4. HP: 28/28 MP: 4/4
  1328 | D:3      | 1328 ||| Stepping ~*~*~tactically~*~*~ (stealth).
  1368 | D:3      | 1368 ||| Stepping ~*~*~tactically~*~*~ (stealth).
  1420 | D:3      | Identified the +0 ring mail "Guehoepe" {*Slow +Blink Dex+5
                  | Slay+2}
  1494 | D:3      | Reached skill level 4 in Axes
  2125 | D:3      | 2125 ||| DROPPING +0 ring mail "Guehoepe" {*Slow +Blink
                  | Dex+5 Slay+2}.
  2126 | D:3      | 2126 ||| DRINKING 2 blue potions.
  2127 | D:3      | 2127 ||| DROPPING potion of degeneration.
  2248 | D:4      | HP: 6/28 [acid (5)]
  2249 | D:4      | 2249 ||| READING scroll of teleportation.
  2250 | D:4      | 2250 ||| DRINKING potion of heal wounds.
  2252 | D:4      | Splashed by a jelly's acid

Levels and vault maps discovered:
D:1:      kennysheep_arrival_forest, layout_rooms
D:2:      layout_loops_cross
D:3:      layout_basic, nzn_wu_jian_contemplation, lemuel_flame_loot_1
D:4:      layout_rooms, nicolae_vehumet_radiance, kennysheep_nondescript,
          nicolae_shop_self_help, uniq_robin

Skill      XL: |  1  2  3  4 |
---------------+-------------+-----
Axes           | 2 3 4 |  4.2
Fighting       | |  3.2
Armour         | |  3.2
Shields        | |  3.2

Action                     |  1- 3 |  4- 6 || total
---------------------------+-------+-------++-------
  Melee: War axe           |    79 |    51 ||   130
         Headbutt          |     1 |     9 ||    10
    Use: Scroll            |     5 |     1 ||     6
         Potion            |     3 |     2 ||     5
 Armour: Scale mail        |    26 |    27 ||    53
  Dodge: Dodged            |    29 |    19 ||    48
  Block: Buckler           |    18 |     9 ||    27

Table legend:
 A = Non-vault XP
 B = Vault XP
 C = Vault XP percentage of total XP
 D = Non-vault monster count
 E = Vault monster count
 F = Vault count percentage of total count
                 A         B        C        D         E       F
            +---------+---------+-------+---------+---------+-------
      Total |     127 |       0 |   0.0 |      53 |       0 |   0.0
            +---------+---------+-------+---------+---------+-------
        D:1 |      33 |       0 |   0.0 |      19 |       0 |   0.0
        D:2 |      37 |       0 |   0.0 |       9 |       0 |   0.0
        D:3 |      30 |       0 |   0.0 |      16 |       0 |   0.0
        D:4 |      27 |       0 |   0.0 |       9 |       0 |   0.0
            +---------+---------+-------+---------+---------+-------
